 Dungeon Crawl Stone Soup version 0.27-a0-1317-gd1140b374c (webtiles) character file.

Game seed: 11508933829649997403

80 Jawa73 the Grave Robber (level 4, -1/35 HPs)
             Began as a Ghoul Necromancer on June 21, 2021.
             Slain by an orc (14 damage)
             ... on level 3 of the Dungeon.
             The game lasted 00:10:59 (3081 turns).

Jawa73 the Grave Robber (Ghoul Necromancer)         Turns: 3081, Time: 00:10:59

Health: -1/35      AC:  5    Str: 11    XL:     4   Next: 39%
Magic:  2/6        EV: 12    Int: 11    God:
Gold:   159        SH:  0    Dex:  9    Spells: 2/7 levels left

rFire    . . .     SeeInvis .     - Unarmed
rCold    + . .     Faith    .   (no shield)
rNeg     + + +     Spirit   .   a - +0 robe
rPois    ∞         Reflect  .   e - +2 helmet
rElec    .         Harm     .   (no cloak)
rCorr    .         Rampage  .   (no gloves)
Will     .....                  (no boots)
Stlth    ++........             (no amulet)
HPRegen  0.00/turn              (no ring)
MPRegen  0.10/turn              (no ring)

@: no status effects
A: claws 1, cold resistance 1, negative energy resistance 3, inhibited
regeneration, torment resistance 2
a: no special abilities


You were on level 3 of the Dungeon.
You visited 1 branch of the dungeon, and saw 3 of its levels.

You collected 159 gold pieces.

Inventory:

Armour
 a - a +0 robe (worn)
 e - a +2 helmet (worn)
Potions
 b - 3 potions of curing
 c - a potion of attraction {unknown}
 d - 2 potions of haste {unknown}
 f - a potion of magic {unknown}
 g - a potion of might {unknown}


   Skills:
 + Level 1.6 Fighting
 + Level 1.9 Dodging
 - Level 2.3 Stealth
 + Level 1.3 Unarmed Combat
 + Level 2.4 Spellcasting
 + Level 4.6 Necromancy


You had 2 spell levels left.
You knew the following spells:

 Your Spells              Type           Power      Damage    Failure   Level
a - Pain                  Necr           44%        1d6       4%          1
b - Animate Skeleton      Necr           22%        N/A       4%          1
c - Vampiric Draining     Necr           5%         2d6       12%         3

Your spell library contained the following spells:

 Spells                   Type           Power      Damage    Failure   Level
 Summon Small Mammal      Summ           4%         N/A       28%         1
 Call Imp                 Summ           1%         N/A       38%         2
 Animate Dead             Necr           5%         N/A       38%         4
 Call Canine Familiar     Summ           1%         N/A       63%         3
 Summon Guardian Golem    Hex/Summ       1%         N/A       63%         3
 Agony                    Necr           11%        N/A       75%         5
 Summon Ice Beast         Ice/Summ       1%         N/A       95%         4
 Summon Lightning Spire   Summ/Air       1%         N/A       95%         4


Dungeon Overview and Level Annotations

Branches:
Dungeon (3/15)

Altars:

Shops:
D:2 =*


Innate Abilities, Weirdness & Mutations

You thrive by killing the living.
You are immune to poison.
You have sharp fingernails.
Your flesh is cold resistant. (rC+)
You are immune to negative energy. (rN+++)
You do not regenerate when monsters are visible.
You are immune to unholy pain and torment.


Message History

Casting: Pain (safe; 4% risk of failure)
Confirm with . or Enter, or press ? or * to list all spells.
The spell is quite dangerous to cast (12% risk of failure)!
Continue anyway?
Aiming: Vampiric Draining (quite dangerous; 12% risk of failure)
Press: ? - help, Shift-Dir - straight line, f - orc priest
Aim: an orc priest, wielding a +0 mace You draw life force from the orc priest.
You feel life coursing into your body. The orc priest barely misses you.
You completely miss the orc priest.
The orc priest is moderately wounded.
The orc barely misses you. The orc priest hits you with a +0 mace.
You scratch the orc priest.
The orc priest is severely wounded.
You hear the brisk rusting of a drain nearby.
The orc closely misses you.
You scratch the orc.
The orc is severely wounded.
The orc closely misses you.
You completely miss the orc.
The orc is severely wounded.
The orc closely misses you. The orc barely misses you.
You see here 16 stones.
You scratch the orc but do no damage.
The orc is severely wounded.
The orc hits you with a +0 whip of electrocution.
The orc priest calls upon Beogh to heal the orc.
The orc's wounds heal themselves!
You scratch the orc.
The orc is severely wounded.
The orc closely misses you.
You scratch the orc but do no damage.
The orc is severely wounded.
The orc hits you but does no damage.
The orc priest looks satisfied for a moment.
You scratch the orc.
The orc is almost dead.
The orc hits you with a +0 whip of electrocution.
You are electrocuted!
You die...

#........#
#.######.# #.# #.#
#.######.#### ...#
#.##........# #....
#.##.###.##.#
#....# #.##.#
#.##.##....#
#.##.###.##.#.....#
#........##@#.....
####.######o#.#.#.#
#.# #oo.....# #.###
###.#.### ## #...#
#)# # .## ###.#
#....# ..# ##.#
#........ ..# ##..#
.......##
..#######...####
........#


You could see 2 orc priests and an orc.

Vanquished Creatures
  2 adders
  A worm (D:2)
  A dart slug (D:1)
  An orc (D:3)
  7 ball pythons
  2 endoplasms (D:1)
  2 giant cockroaches
  4 goblins
  3 hobgoblins
  11 jackals
  6 kobolds
  A quokka (D:1)
  2 bats
  2 frilled lizards (D:1)
  6 rats
51 creatures vanquished.

Notes
Turn   | Place    | Note
-------+----------+-------------------------------------------
     0 | D:1      | Jawa73 the Ghoul Necromancer began the quest for the Orb.
     0 | D:1      | Reached XP level 1. HP: 14/14 MP: 2/2
     8 | D:1      | Learned a level 1 spell: Animate Skeleton
   148 | D:1      | Reached skill level 1 in Fighting
   190 | D:1      | Reached XP level 2. HP: 11/23 MP: 1/3
   594 | D:1      | Found a faded altar of an unknown god.
   866 | D:1      | Reached XP level 3. HP: 28/28 MP: 2/5
   927 | D:1      | Learned a level 3 spell: Vampiric Draining
  1125 | D:2      | Found Utuhy's General Store.
  2143 | D:2      | Found Cacsidicki's Jewellery Shop.
  2288 | D:2      | Reached XP level 4. HP: 30/35 MP: 1/6
  2947 | D:3      | Reached skill level 1 in Unarmed Combat
  3081 | D:3      | Slain by an orc

Illustrated notes

Levels and vault maps discovered:
D:1:      scummos_arrival_hexagon, layout_loops_ring,
          ebering_ecumenical_altar_mist
D:2:      layout_basic, serial_shops, nicolae_shop_waterfront,
          nicolae_lakefront_shop, amcnicky_mini_rare_corridor_liquid
D:3:      layout_loops_corners, fedhas_altar_3, portal_sewer_entry_b, uniq_ijyb

Skill      XL: |  1  2  3  4 |
---------------+-------------+-----
Fighting       | 1 |  1.6
Spellcasting   | 2 |  2.4
Unarmed Combat | 1 |  1.3
Dodging        | |  1.9
Stealth        | |  2.3
Necromancy     | |  4.6

Action                   |  1- 3 |  4- 6 || total
-------------------------+-------+-------++-------
Melee: Unarmed           |    82 |    33 ||   115
 Cast: Pain              |    57 |    12 ||    69
       Animate Skeleton  |     5 |     1 ||     6
       Vampiric Draining |     2 |     2 ||     4
  Use: Scroll            |     4 |       ||     4
Armor: Robe              |    30 |    12 ||    42
Dodge: Dodged            |    94 |    19 ||   113

Table legend: (Time is in decaauts)
 A = Elapsed time spent in this place.
 B = Non-inter-level travel time spent in this place.
 C = Inter-level travel time spent in this place.
 D = Time resting spent in this place.
 E = Time spent auto-exploring this place.
 F = Levels seen in this place.
 G = Mean time per level.
                   A        B        C        D        E       F      G
               +--------+--------+--------+--------+--------+-----+--------+
         Total |   3080 |   3008 |     72 |    104 |   2352 |   3 | 1026.7 |
       Dungeon |   3080 |   3008 |     72 |    104 |   2352 |   3 | 1026.7 |
               +--------+--------+--------+--------+--------+-----+--------+

Top non-repeatable levels by time:
     D:2: 1546 daAuts
     D:1: 1118 daAuts
     D:3: 415 daAuts
